 Dungeon Crawl Stone Soup version 0.25.0-9-g26727b657a (webtiles) character file.

Game seed: 10346423844921385674

2035 Lennu the Slinger (level 9, 37/68 HPs)
             Began as a Formicid Hunter on June 17, 2020.
             Was a Believer of Qazlal.
             Quit the game on level 7 of the Dungeon.
             The game lasted 00:28:13 (7015 turns).

Lennu the Slinger (Formicid Hunter)                 Turns: 7015, Time: 00:28:13

Health: 37/68      AC: 11    Str: 15 (17) XL:     9   Next: 48%
Magic:  11/11      EV:  8    Int: 10 (11) God:    Qazlal [**....]
Gold:   251        SH: 15    Dex: 14      Spells: 8/8 levels left

rFire    . . .     SeeInvis +   a - +1 hunting sling
rCold    . . .     Gourm    .   v - +0 tower shield
rNeg     + . .     Faith    .   g - +1 swamp dragon scales
rPois    +         Spirit   .   (helmet unavailable)
rElec    .         Reflect  .   (no cloak)
rCorr    .         Harm     .   (no gloves)
MR       .....                  b - +2 pair of boots
Stlth    +.........             (no amulet)
HPRegen  0.21/turn              n - ring of positive energy
MPRegen  0.12/turn              u - ring of teleportation

@: no status effects
A: permanent stasis, dig shafts and tunnels, four strong arms, antennae 3, thin
metallic scales 1, deformed body, deterioration 1, evolution 1
a: Dig, Shaft Self, Upheaval, Renounce Religion


You were on level 7 of the Dungeon.
You worshipped Qazlal.
Qazlal was pleased with you.
You were not hungry.

You visited 1 branch of the dungeon, and saw 7 of its levels.
You also visited: Ossuary.

You collected 251 gold pieces.

Inventory:

Hand Weapons
 a - a +1 hunting sling (weapon)
 j - a +4 mace of draining
Missiles
 o - 52 stones (quivered)
Armour
 b - a +2 pair of boots (worn)
 g - +1 swamp dragon scales (worn)
 v - a +0 tower shield (worn)
Jewellery
 l - an uncursed ring of ice
 n - a ring of positive energy (left hand)
 p - an uncursed ring of flight
 u - a ring of teleportation (right hand)
Wands
 c - a wand of polymorph (2)
 q - a wand of acid (8)
Scrolls
 d - 2 scrolls of blinking
 e - a scroll of noise
 k - 2 scrolls of remove curse
 m - 2 scrolls of fog
 r - 3 scrolls of amnesia
 s - 3 scrolls of teleportation
 y - a scroll of magic mapping
Potions
 h - 2 potions of heal wounds
 i - a potion of brilliance
 t - a potion of stabbing
 w - 4 potions of curing
Comestibles
 f - 13 rations


   Skills:
 * Level 5.1 Fighting
 - Level 1.0 Maces & Flails
 * Level 9.4(9.8) Slings
 * Level 3.8(6.7) Throwing
 * Level 4.2 Armour
 * Level 3.9 Dodging
 - Level 1.2 Stealth
 * Level 1.9 Shields
 * Level 3.2 Invocations


You had 8 spell levels left.
You didn't know any spells.
Your spell library contained the following spells:

 Spells                   Type           Power        Failure   Level  Hunger
 Corona                   Hex            #......      100%        1    ##.....
 Ensorcelled Hibernation  Hex/Ice        #.....       100%        2    ###....
 Confusing Touch          Hex            #.......     100%        3    ####...
 Dazzling Flash           Conj/Hex       #.....       100%        3    ####...
 Tukima's Dance           Hex            #.......     100%        3    ####...


Dungeon Overview and Level Annotations

Branches:
Dungeon (7/15)             Temple (0/1) D:5         Ossuary (visited)

Altars:
Cheibriados
Fedhas
Hepliaklqana
Qazlal
Ru
Trog
Wu Jian
Yredelemnul
The Shining One


Innate Abilities, Weirdness & Mutations

You cannot be hasted, slowed, berserked, paralysed or teleported.
You can dig through walls and to a lower floor.
Your four strong arms can wield two-handed weapons with a shield.
You have a pair of large antennae on your head. (SInv)
You are partially covered in thin metallic scales. (AC +2)
Armour fits poorly on your strangely shaped body.
Your body sometimes deteriorates upon taking damage.
You evolve.


Message History

You feel less confused. You block the orc wizard's attack.
The orc warrior hits you but does no damage.
The orc wizard points at you and mumbles some strange words.
You easily resist.
The orc wizard hits you with a +0 dagger.
* * * LOW HITPOINT WARNING * * *
You feel much better.
The orc wizard hits you with a +0 dagger.
You block the orc wizard's attack. The orc closely misses you.
The orc warrior hits you with a +0 battleaxe!
Your body deteriorates!
You feel weakened.
Unknown command.
Quiver which item? (- for none, * to show all) (? for menu, Esc to quit)
Okay, then.
Save game and exit?
Welcome back, Lennu the Formicid Hunter.
Qazlal says: Let the forces of nature tear it all down!
Press ? for a list of commands and other information.
Are you sure you want to abandon this character and quit the game? (Confirm with "yes".)

................#
#......(........#
#...............#
#...............#
#..............##
##.............#
#.......(.....#
##o°..........##
##o@o.........##
#(o###.......##
#..## #########
....# ..#... ###
{


You could see an orc warrior, 2 orc wizards and an orc.

Vanquished Creatures
  Maggie (D:6)
  Grinder (D:3)
  The ghost of kikerikii the Vandal, an amateur HaWr (D:5)
  A phantom (D:4)
  An ogre (D:5)
  2 big kobolds (D:5)
  2 water moccasin zombies (Ossuary)
  2 scorpions
  3 howler monkeys
  A bullfrog zombie (D:6)
  A jelly (D:5)
  2 hounds
  3 orc priests
  An iron imp (D:6)
  2 orc wizards (D:4)
  4 worker ants
  Terence (D:3)
  4 big kobold zombies (Ossuary)
  A hound zombie (D:5)
  A hound skeleton (D:4)
  3 mummies
  10 adders
  An ooze (D:1)
  An adder zombie (Ossuary)
  4 worms
  2 dart slugs
  4 leopard geckos
  8 orcs
  A ball python (D:1)
  6 giant cockroaches
  4 gnoll zombies (Ossuary)
  9 goblins
  5 hobgoblins (D:3)
  6 jackals (D:3)
  9 kobolds
  5 quokkas
  7 bats
  6 frilled lizards
  4 hobgoblin zombies (Ossuary)
  5 kobold zombies (Ossuary)
  7 orc zombies (Ossuary)
  8 rats
150 creatures vanquished.

Notes
Turn   | Place    | Note
-------+----------+-------------------------------------------
     0 | D:1      | Lennu the Formicid Hunter began the quest for the Orb.
     0 | D:1      | Reached XP level 1. HP: 16/16 MP: 1/1
   203 | D:1      | Reached XP level 2. HP: 22/22 MP: 2/2
   463 | D:1      | Reached XP level 3. HP: 27/27 MP: 3/3
   788 | D:2      | Reached skill level 5 in Slings
  1064 | D:2      | Found a glowing golden altar of the Shining One.
  1179 | D:2      | Reached skill level 1 in Throwing
  1322 | D:2      | Found a hazy altar of Hepliaklqana.
  1324 | D:2      | Gained mutation: You evolve. [potion of mutation]
  1324 | D:2      | Gained mutation: You are partially covered in thin metallic
                  | scales. (AC +2) [potion of mutation]
  1324 | D:2      | Gained mutation: Armour fits poorly on your strangely
                  | shaped body. [potion of mutation]
  1324 | D:2      | Gained mutation: You are robust. (+10% HP) [potion of
                  | mutation]
  1375 | D:3      | Reached skill level 1 in Armour
  1375 | D:3      | Reached XP level 4. HP: 29/36 MP: 4/4
  1716 | D:3      | Found an ornate altar of the Wu Jian Council.
  1721 | D:3      | Found a blossoming altar of Fedhas.
  1739 | D:3      | Noticed Grinder
  1770 | D:3      | Killed Grinder
  1770 | D:3      | Reached skill level 6 in Slings
  1770 | D:3      | Reached XP level 5. HP: 13/42 MP: 5/5
  1770 | D:3      | Reached XP level 6. HP: 16/50 MP: 6/6
  2144 | D:3      | Found a stormy altar of Qazlal.
  2145 | D:3      | Noticed Terence
  2154 | D:3      | Killed Terence
  2161 | D:3      | Became a worshipper of Qazlal Stormbringer
  2319 | D:3      | Reached skill level 1 in Maces & Flails
  2467 | D:3      | Lost mutation: You are robust. (+10% HP) [evolution]
  2893 | D:4      | Reached XP level 7. HP: 51/51 MP: 7/7
  3143 | D:4      | Found a sand-covered staircase.
  3163 | Ossuary  | Entered an ossuary
  3253 | Ossuary  | Reached skill level 1 in Invocations
  3261 | Ossuary  | Reached * piety under Qazlal
  3540 | Ossuary  | Reached skill level 7 in Slings
  4219 | D:4      | Reached XP level 8. HP: 54/58 MP: 9/9
  5004 | D:5      | Entered Level 5 of the Dungeon
  5025 | D:5      | Reached skill level 8 in Slings
  5047 | D:5      | Found a staircase to the Ecumenical Temple.
  5057 | D:5      | Reached ** piety under Qazlal
  5097 | D:5      | Found a basalt altar of Yredelemnul.
  5580 | D:5      | Found a runed translucent gate.
  5580 | D:5      | Found a runed translucent gate.
  5580 | D:5      | Found a runed translucent gate.
  5583 | D:5      | Noticed kikerikii's ghost (amateur HaWr)
  5584 | D:5      | Identified the +7 short sword "Wazxemy" {drain, rC++ Str+2}
  5664 | D:5      | Found a bloodstained altar of Trog.
  5664 | D:5      | Found a sacrificial altar of Ru.
  5975 | D:5      | Reached XP level 9. HP: 46/66 MP: 9/11
  6023 | D:5      | Killed kikerikii's ghost
  6023 | D:5      | Reached skill level 9 in Slings
  6023 | D:5      | Reached skill level 1 in Shields
  6560 | D:6      | Found a snail-covered altar of Cheibriados.
  6561 | D:6      | Noticed Maggie
  6577 | D:6      | Gained mutation: Your body sometimes deteriorates upon
                  | taking damage. [evolution]
  6622 | D:6      | Killed Maggie
  6622 | D:6      | Reached skill level 5 in Fighting
  7015 | D:7      | Quit the game

Illustrated notes

Levels and vault maps discovered:
D:1:      lightli_molten_gateway, layout_basic
D:2:      layout_rooms, lemuel_coloured_pillars_altar, lemuel_round_altar
D:3:      layout_basic, lemuel_crystal_altar, grunt_qazlal_sundering,
          lemuel_crystal_altar, first_ration, chequers_mini_garden,
          uniq_terence, uniq_grinder
D:4:      layout_cave_pools, gup_ossuary_entry_pyramid, st_stairs_10,
          hangedman_abyss_or_decor_stagger
D:5:      layout_loops_ring, gammafunk_temple_overflow_elements,
          old_standard_altar, minmay_temple_entry_trees,
          gammafunk_ghost_nasty_kobolds, chequers_serial_rivers_micro_c
D:6:      layout_rooms, slow_altar_1, uniq_maggie
D:7:      layout_cave_pods, kennysheep_okawaru_gauntlet, uniq_menkaure

Skill      XL: |  1  2  3  4  5  6  7  8  9 |
---------------+----------------------------+-----
Dodging        | 2 3 |  3.9
Slings         | 5 6 7 8 9 |  9.4
Throwing       | 1 2 3 |  3.8
Armour         | 1 2 3 4 |  4.2
Maces & Flails | 1 |  1.0
Fighting       | 3 4 5 |  5.1
Invocations    | 1 2 3 |  3.2
Shields        | 1 |  1.9
Stealth        | |  1.2

Action                   |  1- 3 |  4- 6 |  7- 9 || total
-------------------------+-------+-------+-------++-------
Melee: Mace              |       |    51 |    37 ||    88
       Hunting sling     |       |       |     1 ||     1
 Fire: Hunting sling     |    70 |    77 |   520 ||   667
 Abil: Evoke Flight      |       |       |     1 ||     1
  Use: Potion            |     6 |     2 |     9 ||    17
       Scroll            |     3 |     2 |     9 ||    14
  Eat: Chunk             |     1 |     5 |     8 ||    14
       Ration            |       |       |     2 ||     2
Armor: Leather armour    |     8 |    29 |       ||    37
       Scale mail        |       |    14 |    59 ||    73
       Swamp dragon scal |       |       |     5 ||     5
Dodge: Dodged            |    19 |    82 |   107 ||   208
Block: Other             |       |       |     8 ||     8
       Tower shield      |       |       |    54 ||    54
